 Dungeon Crawl Stone Soup version 0.31-a0-631-g285b096dc4 (webtiles) character file.

Game seed: 17840701336648478895

6 BigDaddyOpFi the Digger (level 1, -1/1 HPs)
             Began as a Gargoyle Earth Elementalist on Aug 25, 2023.
             Slain by a kobold
             ... wielding a +0 dagger
              (2 damage)
             ... on level 1 of the Dungeon.
             The game lasted 00:00:31 (119 turns).

BigDaddyOpFi the Digger (GrEE)                       Turns: 119, Time: 00:00:32

Health: -1/1       AC:  5    Str: 11    XL:     1   Next: 90%
Magic:  1/3        EV: 12    Int: 15    God:
Gold:   0          SH:  0    Dex: 10    Spells: 3/4 levels left

rFire   . . .        (no weapon)
rCold   . . .        (no shield)
rNeg    + . .        a - melded +0 robe
rPois   ∞            (no helmet)
rElec   +            (no cloak)
rCorr   .            c - +2 pair of gloves
SInv    .            (no boots)
Will    .....        (no amulet)
Stlth   ++           (no ring)
HPRegen 0.20/turn    (no ring)
MPRegen 0.08/turn

%: no passive effects
@: maw-form
A: devouring maw, reduced hp, sickness immunity, AC +2, negative energy
resistance 1, electricity resistance, torment resistance 1, petrification
resistance
a: Begin Untransformation


You were on level 1 of the Dungeon.
You were a creature with a mouth for a stomach.
You visited 1 branch of the dungeon, and saw 1 of its levels.

Inventory:

Armour
 a - a +0 robe (melded)
 c - a +2 pair of gloves (worn)
Talismans
 f - a maw talisman (active)
Scrolls
 d - a scroll of enchant armour {unknown}
 e - a scroll of identify {unknown}
Potions
 b - a potion of magic


   Skills:
 + Level 1.6 Dodging
 + Level 2.3 Stealth
 + Level 2.1 Spellcasting
 + Level 0.9 Transmutations
 + Level 3.7 Earth Magic


You had 3 spell levels left.
You knew the following spells:

 Your Spells              Type           Power      Damage    Failure   Level
a - Sandblast             Erth           24%        2d8       4%          1

Your spell library contained the following spells:

 Spells                   Type           Power      Damage    Failure   Level
 Passwall                 Tmut/Erth      6%         N/A       13%         2
 Stone Arrow              Conj/Erth      14%        3d7       30%         3
 Petrify                  Tmut/Erth      8%         N/A       63%         4


Dungeon Overview and Level Annotations

Branches:
Dungeon (1/15)

Altars:


Innate Abilities, Weirdness & Mutations

You are a creature with a mouth for a stomach.
Your midsection houses a second, enormous mouth.
Your maximum health is decreased, since you lack skill for your form.
You are immune to sickness and miasma.
Your stone body is resilient. (AC +2)
You are immune to poison.
You resist negative energy. (rN+)
You are resistant to electric shocks. (rElec)
You are resistant to unholy torment.
You are immune to petrification.


Message History

Found 8 gold pieces and a dark potion.
The ball python hisses angrily.
You hear an angry hiss.
You see here a maw talisman.
The blast of sand hits the kobold.
You kill the kobold!
A frilled lizard comes into view.
A kobold comes into view. It is wielding a +0 dagger.
The blast of sand hits the ball python.
The ball python is severely wounded.
You see here a maw talisman.
You don't have enough magic to cast this spell.
f - a maw talisman The ball python barely misses you.
The ball python closely misses you.
There are monsters nearby!
The ball python bites you. The ball python grabs you.
The ball python constricts you.
You begin transforming.
You continue transforming.
The ball python barely misses you. The ball python constricts you.
You continue transforming.
The ball python bites you but does no damage.
The ball python constricts you. The ball python closely misses you.
The ball python constricts you.
You continue transforming.
The ball python bites you but does no damage.
The ball python constricts you.
You turn into a creature with a mouth for a stomach.
Your +0 robe melds into your body.
HP restored.
Unknown command.
You closely miss the ball python.
The ball python is severely wounded.
The ball python closely misses you. The ball python constricts you.
You hit the ball python. You bite the ball python.
You devour the ball python!
You feel better.
You kill the ball python!
You barely miss the kobold. The kobold completely misses you.
You hit the kobold. You bite the kobold, but do no damage.
The kobold is heavily wounded.
The kobold hits you with a +0 dagger.
Ouch! That really hurt!
You die...

#........ .#
#..!....###.#
#...........
#..........
#........#
#...$)...#
#....l..# #K# ###.
#########W#.....
#............# #
##.##.........#
#.##.....###.....#
#...>.#### #.....#
####..# #.....#
#..# #.....# #..#
#.....# #######
#..#
#############......


You could see a kobold and a frilled lizard.

Vanquished Creatures
  An endoplasm (D:1)
  A giant cockroach (D:1)
  3 ball pythons (D:1)
  A kobold (D:1)
6 creatures vanquished.

Notes
Turn   | Place    | Note
-------+----------+-------------------------------------------
     0 | D:1      | BigDaddyOpFi the Gargoyle Earth Elementalist began the
                  | quest for the Orb.
     0 | D:1      | Reached XP level 1. HP: 10/10 MP: 3/3
   119 | D:1      | Slain by a kobold

Illustrated notes

Levels and vault maps discovered:
D:1:      ncdulo_lavacross, layout_basic,
          dreamdust_ecumenical_altar_sealed_demon

Action                     || total
---------------------------++-------
  Melee: Unarmed           ||     4
         Maw               ||     2
   Cast: Sandblast         ||     7
 Armour: Robe              ||     3
  Dodge: Dodged            ||     6
   Form: Maw               ||     1

Table legend: (Time is in decaauts)
 A = Elapsed time spent in this place.
 B = Non-inter-level travel time spent in this place.
 C = Inter-level travel time spent in this place.
 D = Time resting spent in this place.
 E = Time spent auto-exploring this place.
 F = Levels seen in this place.
 G = Mean time per level.
                   A        B        C        D        E       F      G
               +--------+--------+--------+--------+--------+-----+--------+
         Total |    122 |    122 |      0 |      0 |     72 |   1 |  122.0 |
       Dungeon |    122 |    122 |      0 |      0 |     72 |   1 |  122.0 |
               +--------+--------+--------+--------+--------+-----+--------+

Top non-repeatable levels by time:
     D:1: 122 daAuts
